 Dungeon Crawl Stone Soup version 0.32-a0-576-g706899e69d (webtiles) character file.

Game seed: 91327100169792171

51963 jasper the Severer (level 14, -6/202 HPs)
             Began as a Mountain Dwarf Fighter on Mar 1, 2024.
             Was a High Priest of Trog.
             Mangled by Rupert
             ... wielding a +3 battleaxe of venom
              (25 damage)
             ... on level 4 of the Lair of Beasts.
             The game lasted 00:23:15 (17539 turns).

jasper the Severer (Mountain Dwarf Fighter)        Turns: 17539, Time: 00:23:15

Health: -6/202     AC: 22    Str: 24    XL:     14   Next: 25%
Magic:  4/4        EV:  8    Int:  9    God:    Trog [*****.]
Gold:   1898       SH:  0    Dex:  9    Spells: 13/13 levels left

rFire   . . .        Z - +9 executioner's axe (antimagic)
rCold   . . .        (shield currently unavailable)
rNeg    . . .        o - +0 plate armour
rPois   +            k - +2 helmet
rElec   .            r - +0 cloak {Stlth+}
rCorr   +            R - +1 pair of gloves {Stlth+}
SInv    .            (no boots)
Will    +++..        m - amulet of faith Stlth
                     W - ring of poison resistance
HPRegen 1.53/turn    v - ring of resist corrosion
MPRegen 0.09/turn

%: faith
@: berserking (expiring), lethally poisoned (-6 -> -24), strong-willed,
corroded, regenerating, very quick
A: runic magic, artefact enchanting
a: Renounce Religion, Berserk, Trog's Hand, Brothers in Arms


You were on level 4 of the Lair of Beasts.
You worshipped Trog.
Trog was extremely pleased with you.
You visited 2 branches of the dungeon, and saw 15 of its levels.
You also visited: Sewer and Bailey.

You collected 1898 gold pieces.

Inventory:

Hand Weapons
 j - a +2 morningstar of draining
 O - a +6 battleaxe of electrocution
 Z - a +9 antimagic executioner's axe (weapon)
Missiles
 e - 171 stones
 l - 48 poisoned darts
 y - 29 boomerangs (quivered)
 L - a throwing net
 T - 3 javelins
 X - 3 silver javelins
Armour
 b - a +0 scale mail
 k - a +2 helmet (worn)
 o - a +0 plate armour (worn)
 r - a +0 cloak of stealth (worn)
 R - a +1 pair of gloves of stealth (worn)
Jewellery
 m - an amulet of faith (around neck)
 p - a ring of positive energy
 q - an amulet of guardian spirit
 u - an amulet of reflection
 v - a ring of resist corrosion (right hand)
 G - a ring of flight
 S - a ring of fire
 V - the amulet of the Heron {Regen+ Str+2}
   (You found it on level 1 of the Lair of Beasts)

   [amulet of regeneration]

   Str+2:     It affects your strength (+2).
   Regen+:    It increases your rate of health regeneration.
 W - a ring of poison resistance (left hand)
 Y - a +5 ring of evasion
Wands
 x - a wand of charming (15)
 I - a wand of flame (44)
 J - a wand of quicksilver (15)
 K - a wand of iceblast (24)
Scrolls
 c - a scroll of butterflies
 w - 4 scrolls of fog
 B - 3 scrolls of blinking
 F - 4 scrolls of fear
 M - 3 scrolls of vulnerability
 N - 4 scrolls of teleportation
 Q - a scroll of immolation
 U - 2 scrolls of noise
Potions
 d - 4 potions of might
 f - 5 potions of heal wounds
 g - 2 potions of lignification
 h - 3 potions of degeneration
 i - 3 potions of brilliance
 s - 6 potions of mutation
 t - 4 potions of cancellation
 z - a potion of invisibility
 A - 2 potions of magic
 C - 4 potions of haste
 D - 5 potions of curing
 E - a potion of berserk rage
 H - 2 potions of enlightenment {unknown}


   Skills:
 - Level 15.0 Fighting
 - Level 20.0 Axes
 + Level 14.4 Armour
 - Level 3.2 Shields


You had 13 spell levels left.
You didn't know any spells.
Your spell library contained the following spells:

 Spells                   Type           Power      Damage    Failure   Level
 Apportation              Tloc           0%         N/A       56%         1
 Necrotise                Necr           0%         1d4       56%         1
 Sting                    Conj/Alch      0%         1d3       56%         1
 Summon Small Mammal      Summ           0%         N/A       56%         1
 Sublimation of Blood     Necr           0%         N/A       71%         2
 Petrify                  Alch/Erth      0%         N/A       100%        4
 Irradiate                Conj/Alch      0%         3d11      100%        5


Dungeon Overview and Level Annotations

Branches:
Dungeon (11/15)            Temple (0/1) D:4            Lair (4/5) D:9
  Swamp (0/4) Lair:3       Spider (0/4) Lair:2          Orc (0/2) D:9
  Sewer (visited)          Bailey (visited)
  Slime: Lair:4-5

Altars:
Fedhas
Qazlal
Ru
Trog
Xom
Zin

Annotations:
Lair:4 Rupert


Innate Abilities, Weirdness & Mutations

Your spellcasting is much less encumbered by armour.
You can use scrolls of enchantment on lesser artefacts.


Message History

Rupert is severely wounded.
You feel very sick.
Rupert hits you with a +3 battleaxe of venom!!
You take 25 damage, and have 96/202 hp.
You barely miss Rupert.
Rupert is severely wounded.
You feel sick.
Rupert hits you with a +3 battleaxe of venom!
You take 13 damage, and have 83/202 hp.
You slice Rupert!!
Rupert is almost dead.
You feel sick.
Rupert hits you with a +3 battleaxe of venom!!
* * * LOW HITPOINT WARNING * * *
You are more poisoned.
You hear an angry hiss.
You take 35 damage, and have 48/202 hp.
You slash Rupert!
Rupert is almost dead.
You feel very sick.
Rupert hits you with a +3 battleaxe of venom.
* * * LOW HITPOINT WARNING * * *
A water moccasin comes into view.
You take 8 damage, and have 40/202 hp.
You slash Rupert!
Rupert is almost dead.
You feel very sick.
Rupert hits you with a +3 battleaxe of venom!
* * * LOW HITPOINT WARNING * * *
You are more poisoned.
You take 17 damage, and have 23/202 hp.
You are too berserk!
Unknown command.
You barely miss Rupert.
Rupert is almost dead.
* * * LOW HITPOINT WARNING * * *
You feel very sick.
Rupert hits you with a +3 battleaxe of venom!!
You die...
Rupert roars with triumph.

.........##...... .#..J.
.(#.............. ......
....#.......#...# ....
......÷.........##...
.....÷<.....#...#..## ..
..P...÷.........#...##...
.###....P.......§........
.###............#...#...
..##P.#.........@@###
...#P.#.†..........#
..###.#<÷.............
........†..........^....
.#...................#..
.....#..................
...........#............
....##..#P........#.....
....###......>##.....


You could see Rupert (berserk).

Vanquished Creatures
  Kirke (Lair:3)
  A hydra (Lair:3)
  2 catoblepae
  16 death yaks
  2 boulder beetles
  3 two-headed ogres (D:11)
  Nergalle (Lair:1)
  A skyshark (Lair:2)
  4 skeletal warriors (D:11)
  A lindwurm (Lair:3)
  2 oklob plants (Lair:3)
  2 cyclopes (D:11)
  7 elephants
  2 black mambas
  Maurice (D:10)
  A gargoyle (D:10)
  8 cane toads
  2 komodo dragons
  A kobold demonologist (D:10)
  2 rime drakes (Lair:3)
  A hornet (Lair:1)
  2 trolls
  2 tyrant leeches (Lair:3)
  8 blink frogs
  A shadow (D:9)
  4 hogs (Lair:3)
  32 yaks
  4 basilisks
  7 wyverns
  A vampire (D:8)
  4 vampire mosquitoes (D:11)
  A golden eye (Lair:3)
  2 acid dragons
  10 water moccasins
  A two-headed ogre zombie (D:9)
  3 black bears
  3 ice beasts
  8 orc warriors
  2 sky beasts (D:7)
  9 wolves
  3 ogres
  3 phantoms
  9 centaurs
  3 kobold brigands
  2 brain worms (Sewer)
  4 bullfrogs
  2 scorpions
  2 gnoll sergeants
  5 wights (D:8)
  13 killer bees
  6 jellies
  4 bombardier beetles
  2 hounds
  Crazy Yiuf (D:3)
  7 orc priests
  A gnoll bouda (D:8)
  A sleepcap (D:6)
  Jessica (D:3)
  5 iguanas
  6 orc wizards
  7 ogre zombies (D:9)
  Robin (D:3)
  15 gnolls
  15 adders
  3 river rats (Sewer)
  3 white imps
  An ufetubus (D:5)
  3 dart slugs
  26 orcs
  8 ball pythons
  11 bats
  6 endoplasms
  7 giant cockroaches
  21 goblins
  7 hobgoblins
  6 jackals
  23 kobolds
  3 quokkas
  3 gnoll skeletons (D:9)
  3 gnoll zombies (D:9)
  4 orc skeletons (D:9)
  15 orc zombies (D:9)
  16 rats
452 creatures vanquished.

Vanquished Creatures (collateral kills)
  An orc warlord (Bailey)
  A water moccasin (Lair:3)
2 creatures vanquished.

Vanquished Creatures (others)
  A human (Lair:3)
  An ogre (D:6)
  An orc wizard (D:4)
3 creatures vanquished.

Grand Total: 457 creatures vanquished

Notes
Turn   | Place    | Note
-------+----------+-------------------------------------------
     0 | D:1      | jasper the Mountain Dwarf Fighter began the quest for the
                  | Orb.
     0 | D:1      | Reached XP level 1. HP: 19/19 MP: 1/1
   113 | D:1      | Reached skill level 3 in Axes
   177 | D:1      | Reached XP level 2. HP: 18/26 MP: 2/2
   352 | D:1      | Reached skill level 4 in Axes
   676 | D:1      | Found a faded altar of an unknown god.
  1043 | D:2      | Reached XP level 3. HP: 23/31 MP: 3/3
  1190 | D:2      | Reached skill level 5 in Axes
  1259 | D:2      | Reached XP level 4. HP: 30/38 MP: 4/4
  1814 | D:3      | Found a blossoming altar of Fedhas.
  1882 | D:3      | Found a bloodstained altar of Trog.
  1882 | D:3      | Noticed Jessica
  1885 | D:3      | Killed Jessica
  1892 | D:3      | Became a worshipper of Trog the Wrathful
  2020 | D:3      | Reached skill level 6 in Axes
  2252 | D:3      | Found a glowing drain.
  2256 | D:3      | Noticed Robin
  2261 | Sewer    | Entered a sewer
  2293 | Sewer    | Reached XP level 5. HP: 45/45 MP: 5/5
  2427 | Sewer    | Reached skill level 7 in Axes
  2491 | Sewer    | Reached * piety under Trog
  2528 | Sewer    | Reached skill level 8 in Axes
  2528 | Sewer    | Reached XP level 6. HP: 50/51 MP: 6/6
  2794 | D:3      | Killed Robin
  3030 | D:3      | Found a runed translucent door.
  3031 | D:3      | Noticed Crazy Yiuf
  3100 | D:3      | Reached ** piety under Trog
  3469 | D:3      | Killed Crazy Yiuf
  3555 | D:4      | Reached skill level 9 in Axes
  3771 | D:4      | Found a staircase to the Ecumenical Temple.
  4099 | D:5      | Entered Level 5 of the Dungeon
  4145 | D:5      | Reached XP level 7. HP: 57/57 MP: 7/7
  4315 | D:5      | Reached skill level 10 in Axes
  4618 | D:5      | Reached skill level 11 in Axes
  4648 | D:5      | Reached XP level 8. HP: 53/63 MP: 8/8
  4760 | D:5      | Reached skill level 12 in Axes
  5025 | D:5      | Identified a scroll of acquirement
  5025 | D:5      | Acquired 896 gold pieces
  5093 | D:6      | Reached skill level 13 in Axes
  5151 | D:6      | Reached skill level 14 in Axes
  5151 | D:6      | Reached XP level 9. HP: 70/70 MP: 9/9
  5371 | D:6      | Found a sacrificial altar of Ru.
  5908 | D:7      | Reached *** piety under Trog
  6138 | D:7      | Reached skill level 15 in Axes
  6473 | D:7      | Found a stormy altar of Qazlal.
  6569 | D:7      | Reached skill level 16 in Axes
  6688 | D:7      | Found a shimmering altar of Xom.
  6689 | D:7      | Found a shimmering altar of Xom.
  7409 | D:8      | Reached skill level 5 in Fighting
  7409 | D:8      | Reached skill level 5 in Armour
  7409 | D:8      | Reached XP level 10. HP: 81/81 MP: 10/10
  7628 | D:8      | Reached **** piety under Trog
  8212 | D:9      | Found a flagged portal.
  8225 | Bailey   | Entered a bailey
  8230 | Bailey   | Noticed an orc warlord
  8444 | Bailey   | Found a runed translucent gate.
  8446 | Bailey   | Found a runed translucent gate.
  8448 | Bailey   | Found a runed translucent gate.
  8562 | Bailey   | Killed an orc warlord
  8590 | Bailey   | Reached XP level 11. HP: 93/104 MP: 11/11
  8630 | D:9      | Found a staircase to the Lair.
  8767 | D:9      | Found a glowing silver altar of Zin.
  9192 | D:9      | Found a staircase to the Orcish Mines.
  9196 | D:9      | Reached ***** piety under Trog
  9740 | D:10     | Entered Level 10 of the Dungeon
 10051 | D:10     | Noticed Maurice
 10074 | D:10     | Killed Maurice
 10285 | D:10     | Reached skill level 10 in Armour
 10346 | D:10     | Reached XP level 12. HP: 96/112 MP: 12/12
 10948 | D:11     | Noticed a boulder beetle
 10964 | D:11     | Killed a boulder beetle
 11271 | D:11     | Reached skill level 17 in Axes
 11381 | D:11     | Noticed a two-headed ogre
 11388 | D:11     | Killed a two-headed ogre
 11487 | D:11     | Noticed a two-headed ogre
 11492 | D:11     | Killed a two-headed ogre
 11538 | D:11     | Noticed a two-headed ogre
 11546 | D:11     | Killed a two-headed ogre
 11547 | D:11     | Reached skill level 18 in Axes
 11812 | D:11     | Received a gift from Trog
 12273 | Lair:1   | Entered Level 1 of the Lair of Beasts
 12319 | Lair:1   | Reached skill level 19 in Axes
 12860 | Lair:1   | Identified the amulet of the Heron {Regen+ Str+2}
 12982 | Lair:1   | Reached skill level 20 in Axes
 13097 | Lair:1   | Noticed Nergalle
 13101 | Lair:1   | Reached XP level 13. HP: 119/119 MP: 13/13
 13121 | Lair:1   | Killed Nergalle
 13957 | Lair:2   | Found a hole to the Spider Nest.
 15179 | Lair:3   | Received a gift from Trog
 15818 | Lair:3   | Noticed Kirke
 15839 | Lair:3   | Killed Kirke
 16138 | Lair:3   | Identified the +10 falchion of Duty {flame, rElec rF+
                  | Str+6}
 16518 | Lair:3   | Found a staircase to the Swamp.
 16789 | Lair:3   | Reached XP level 14. HP: 78/133 MP: 14/14
 17056 | Lair:3   | Reached skill level 15 in Fighting
 17520 | Lair:4   | Noticed Rupert
 17539 | Lair:4   | Mangled by Rupert

Illustrated notes

Levels and vault maps discovered:
D:1:      erik_arrival_cave_to_civilisation [erik_arrival_cave_to_hall],
          layout_basic, dilly_ecumenical_altar_fadedgnrine,
          minmay_misc_feat_columns
D:2:      layout_loops_ring, guppyfry_early_lair_pool
D:3:      layout_loops_corners, trog_butcher_becter, fedhas_ov_isle_minmay,
          portal_sewer_entry_a, nicolae_half_adder, uniq_crazy_yiuf_cottage,
          uniq_jessica, uniq_robin
D:4:      layout_rooms, temple_hall, nrook_mini_vaults
D:5:      layout_rooms, minmay_chambers_of_fives
D:6:      layout_loops_ring, nicolae_ru_sacrificial_ziggurat
D:7:      layout_basic, xom_redecorated, mainiacjoe_overflow_six_doors_small,
          corexii_item_surrounded_by_moat, kennysheep_opposing_triangles
D:8:      layout_rooms
D:9:      layout_basic, lemuel_crystal_altar, david_lair_generic,
          zombieorc2_lemuel, enter_bailey_2
D:10:     layout_cave_pods, uniq_maurice
D:11:     layout_roguey
Lair:1:   layout_chaotic_city, uniq_nergalle
Lair:2:   layout_regular_city, spider_nest_entry_web_field
Lair:3:   layout_regular_city, minmay_swamp_entry_worms, st_stairs_11,
          disabler_island, grunt_megastairs_4, uniq_kirke
Lair:4:   beast_lair_carwin_large_1, layout_misc_corridors,
          minmay_slime_entry_jelly_boxes, uniq_rupert

Skill      XL: |  1  2  3  4  5  6  7  8  9 10 11 12 13 14 |
---------------+-------------------------------------------+-----
Axes           | 3 4 5 6 8 9 11 14 16 20 | 20.0
Fighting       | 5 12 14 15 | 15.0
Armour         | 5 7 10 13 14 | 14.4
Shields        | |  3.2

Action                     |  1- 3 |  4- 6 |  7- 9 | 10-12 | 13-15 || total
---------------------------+-------+-------+-------+-------+-------++-------
  Melee: War axe           |    60 |   107 |   345 |    63 |       ||   575
         Morningstar       |    29 |   152 |       |       |    10 ||   191
         Battleaxe         |       |       |       |   370 |   269 ||   639
         Unarmed           |       |       |       |       |     6 ||     6
         Executioner's axe |       |       |       |       |    62 ||    62
  Throw: Stone             |     1 |     3 |       |       |       ||     4
         Boomerang         |       |       |    41 |     8 |     7 ||    56
 Invoke: Berserk           |       |     2 |     7 |     1 |     2 ||    12
         Trog's Hand       |       |     1 |     3 |     1 |     4 ||     9
         Brothers in Arms  |       |       |       |     1 |     1 ||     2
  Evoke: Wand              |       |       |     2 |       |     1 ||     3
    Use: Scroll            |       |    10 |     4 |     9 |     7 ||    30
         Potion            |       |       |       |     2 |       ||     2
   Stab: Confused          |       |       |       |     1 |       ||     1
         Petrified         |       |       |       |       |     3 ||     3
 Armour: Scale mail        |    99 |   105 |       |       |       ||   204
         Plate armour      |       |   160 |   333 |   419 |   349 ||  1261
         Skin              |       |     4 |       |       |     5 ||     9
  Dodge: Dodged            |    61 |   108 |    80 |   137 |   105 ||   491
  Block: Buckler           |    33 |    67 |    66 |     6 |       ||   172

Table legend: (Time is in decaauts)
 A = Elapsed time spent in this place.
 B = Non-inter-level travel time spent in this place.
 C = Inter-level travel time spent in this place.
 D = Time resting spent in this place.
 E = Time spent auto-exploring this place.
 F = Levels seen in this place.
 G = Mean time per level.
                   A        B        C        D        E       F      G
               +--------+--------+--------+--------+--------+-----+--------+
         Total |  17585 |  17109 |    476 |   3444 |   9913 |  17 | 1034.4 |
       Dungeon |  11456 |  11062 |    394 |   1248 |   7614 |  11 | 1041.5 |
          Lair |   5158 |   5076 |     82 |   2108 |   1936 |   4 | 1289.5 |
         Sewer |    589 |    589 |      0 |      4 |    321 |   1 |  589.0 |
        Bailey |    381 |    381 |      0 |     84 |     42 |   1 |  381.0 |
               +--------+--------+--------+--------+--------+-----+--------+

Top non-repeatable levels by time:
  Lair:3: 2618 daAuts
     D:9: 1520 daAuts
    D:11: 1443 daAuts
  Lair:1: 1274 daAuts
     D:7: 1213 daAuts
     D:3: 1210 daAuts
  Lair:2: 1067 daAuts
     D:1: 1060 daAuts
    D:10: 1050 daAuts
     D:5: 940 daAuts
     D:6: 807 daAuts
     D:2: 797 daAuts
     D:8: 777 daAuts
     D:4: 634 daAuts
   Sewer: 589 daAuts
